 Dungeon Crawl Stone Soup version 0.19.5 (webtiles) character file.

147870 Mesmaeker13 the Unseen (level 16, -9/127 HPs)
             Began as a Vampire Enchanter on Apr 9, 2017.
             Was a High Priest of Ashenzari.
             Killed from afar by a thorn hunter (20 damage)
             ... with a volley of thorns
             ... on level 1 of the Swamp on Apr 10, 2017.
             The game lasted 03:01:15 (40188 turns).

Mesmaeker13 the Unseen (Vampire Enchanter)         Turns: 40188, Time: 03:01:16

Health: -9/127     AC:  0    Str:  8    XL:     16   Next: 92%
Magic:  2/28       EV: 39    Int: 19    God:    Ashenzari [*****.]
Gold:   1631       SH:  0    Dex: 24    Spells: 6 memorised, 14 levels left

rFire  . . .     SeeInvis +     (weapon currently unavailable)
rCold  . . .     Gourm    .     (armour currently unavailable)
rNeg   + . .     Faith    .     (shield currently unavailable)
rPois  .         Spirit   .     (helmet currently unavailable)
rElec  .         Reflect  .     (cloak currently unavailable)
rCorr  .         Harm     .     (gloves currently unavailable)
MR     +....     Clarity  +     (boots currently unavailable)
Stlth  ++++++++++               N - amulet of regeneration (curse)
                                (ring currently unavailable)
                                (ring currently unavailable)

@: bat-form, flying, very quick
A: fangs 3, see invisible, (unbreathing)
a: End Transformation, Curse Item, Scrying, Transfer Knowledge, Renounce
Religion


You were on level 1 of the Swamp.
You worshipped Ashenzari.
Ashenzari was extremely pleased with you.
You were not thirsty.
You were in vampire-bat-form.
You visited 6 branches of the dungeon, and saw 29 of its levels.

You collected 2453 gold pieces.
You spent 822 gold pieces at shops.

Inventory:

Hand Weapons
 c - a +4 scimitar of flaming (melded)
 E - the +9 dagger of Foirrax {pierce, Int+3}
   (You bought it in a shop on level 2 of the Orcish Mines)

   It inflicts extra damage upon your enemies.
   It affects your intelligence (+3).
Armour
 i - a +1 helmet (melded)
 r - a cursed +2 pair of boots (melded)
 s - a cursed +0 cloak (melded)
 u - a cursed +2 pair of gloves of archery (melded)
 y - a +3 leather armour (melded)
 z - a +1 robe of magic resistance
 H - a +0 buckler of protection (melded)
Jewellery
 C - a ring of protection from magic (melded)
 N - a cursed amulet of regeneration (around neck)
 T - a ring of poison resistance (melded)
 V - an uncursed ring of fire
Wands
 O - a wand of digging (9/24)
Scrolls
 a - a scroll of enchant armour
 b - 4 scrolls of fog
 f - 11 scrolls of remove curse
 h - 2 scrolls of blinking
 k - 4 scrolls of magic mapping
 n - 13 scrolls of teleportation
 v - 4 scrolls of amnesia
 B - 8 scrolls of recharging
 I - a scroll of torment {unknown}
 L - a scroll of fear
 R - a scroll of summoning
Potions
 e - 3 potions of brilliance
 g - 5 potions of blood
 j - a potion of berserk rage
 l - 2 potions of might
 m - 5 potions of curing
 o - a potion of heal wounds
 t - 4 potions of cancellation
 w - 2 potions of ambrosia
 x - 3 potions of flight
 A - 6 potions of resistance
 J - 3 potions of mutation
 M - a potion of magic {unknown}
 Q - a potion of cure mutation {unknown}
Books
 d - a book of Frost

   Spells                             Type                      Level
   a - Freeze                         Ice                          1
   b - Throw Frost                    Conjuration/Ice              2
   c - Ozocubu's Armour               Charms/Ice                   3
   d - Throw Icicle                   Conjuration/Ice              4
   e - Summon Ice Beast               Ice/Summoning                4


   Skills:
 + Level 11.6 Fighting
 - Level 10.0(10.6) Short Blades
 + Level 5.1(7.8) Long Blades
 + Level 15.6(17.8) Dodging
 - Level 20.4(22.3) Stealth
 - Level 5.0 Shields
 - Level 8.0 Spellcasting
 - Level 14.4 Hexes
 + Level 3.8 Charms
 - Level 9.0 Transmutations
 - Level 4.1 Ice Magic
 - Level 2.0 Earth Magic


You had 14 spell levels left.
You knew the following spells:

 Your Spells              Type           Power        Failure   Level  Hunger
a - Yara's Violent Unrav  Hex/Tmut       ######....   1%          5    #####..
b - Ensorcelled Hibernat  Hex/Ice        #####.       1%          2    None
c - Confuse               Hex            ######..     1%          3    None
d - Tukima's Dance        Hex            ######..     1%          3    None
e - Passwall              Tmut/Erth      ####......   1%          2    None
f - Repel Missiles        Chrm/Air       ##....       10%         2    None


Dungeon Overview and Level Annotations

Branches:
Dungeon (15/15)            Temple (1/1) D:7            Lair (6/6) D:9
  Swamp (1/4) Lair:2        Snake (4/4) Lair:4        Slime (0/5) Lair:6
    Orc (2/2) D:10            Elf (0/3) Orc:2        Vaults (0/5) D:14
 Depths (0/5) D:15

Altars:
Ashenzari
Cheibriados
Dithmenos
Elyvilon
Fedhas
Gozag
Hepliaklqana
Kikubaaqudgha
Makhleb
Nemelex Xobeh
Okawaru
Qazlal
Ru
Sif Muna
Trog
Uskayaw
Vehumet
Xom
Yredelemnul
Zin
The Shining One
Beogh

Shops:
D:14 [   Orc:2 (*[}   Snake:1 =}=}

Portals:
Trove: D:10 (give 6 potions of agility)


Innate Abilities, Weirdness & Mutations

You have razor-sharp teeth.
You have supernaturally acute eyesight. (SInv)
((You can survive without breathing.))


Message History

Thorny briars emerge from the ground!
You turn into a vampire bat.
Your +4 scimitar of flaming melds into your body.
Your cursed +0 cloak melds into your body.
Your +1 helmet melds into your body.
Your cursed +2 pair of gloves of archery melds into your body.
Your cursed +2 pair of boots melds into your body.
Your +0 buckler of protection melds into your body.
Your +3 leather armour melds into your body.
Your ring of poison resistance melds into your body.
Your ring of protection from magic melds into your body.
Your +4 scimitar of flaming stops flaming.
Your aim is not that steady anymore.
You feel less protected. The thorn hunter closely misses you.
The thorn hunter completely misses you.
The thorn hunter fires a volley of thorns at you.
The volley of thorns hits you!
* * * LOW HITPOINT WARNING * * *
The thorn hunter fires a volley of thorns at you.
The volley of thorns hits you!
You die...

..♣..♣♣♣.≈≈..♣
.♣♣♣≈.≈...≈≈.♣♣
♣♣♣≈.......≈.≈♣♣♣
♣≈...≈≈≈≈..≈....♣
♣♣...≈≈≈≈....≈≈.♣
♣≈..≈≈≈≈...≈.≈f♣♣
*♣♣..≈.......≈♣♣.♣♣
≈...≈≈≈..≈...♣♣♣..♣♣
.≈≈≈≈≈.....≈...♣b..♣
≈≈≈.≈......≈....#[#.♣
♣≈..≈.#...♣♣≈...#.#.♣
≈♣≈§≈.#.#.♣♣♣...#P# ♣
..≈♣♣.###...♣≈...PP
................... *
............≈..##...*
.≈≈<...#.#.....# #..
≈≈≈≈≈.##........ ..♣≈


You could see a thorn hunter.

Vanquished Creatures
  Gastronok (Lair:3)
  A stone giant (Orc:1)
  Azrael (Orc:2)
  A fire dragon (Lair:6)
  9 hydras
  A rakshasa (D:15)
  10 naga warriors
  A catoblepas (Lair:5)
  The ghost of spiff the Carver, a journeyman HEFi of Okawaru (Lair:2)
  2 alligators (Swamp:1)
  3 anacondas
  3 centaur warriors
  A death yak (Lair:4)
  2 ogre magi (Orc:2)
  An orc high priest (Orc:1)
  12 naga sharpshooters
  7 shock serpents
  3 tengu warriors
  Nergalle (Lair:3)
  An iron troll (D:14)
  A fire crab (shapeshifter) (D:15)
  A skeletal warrior (D:10)
  A fire crab (Lair:6)
  A glowing orange brain (D:15)
  5 unseen horrors
  2 salamander mystics (Snake:4)
  A swamp dragon (Swamp:1)
  7 naga ritualists
  2 deep trolls
  4 hill giants
  A wolf spider zombie (D:15)
  A wizard (D:14)
  The ghost of equalderp2856 the Summoner, a novice FeSu (D:9)
  Pikel (D:6)
  An orc knight (Orc:1)
  2 manticores
  6 mana vipers
  5 cyclopes
  2 orc sorcerers
  2 deep elf magi
  19 ugly things
  A salamander (shapeshifter) (D:15)
  3 salamanders
  2 elephants
  Maurice (Orc:1)
  3 guardian serpents
  34 black mambas
  15 naga magi
  A torpor snail (Lair:5)
  2 centaur zombies (D:14)
  A gargoyle (D:11)
  3 molten gargoyles (Lair:6)
  9 spiny frogs
  2 kobold demonologists
  10 komodo dragons
  A rime drake (Lair:4)
  A queen bee (Lair:5)
  18 trolls
  6 meliai
  2 tengu conjurers
  A hornet (D:8)
  3 polar bears
  4 two-headed ogres
  2 tyrant leeches (Swamp:1)
  25 slime creatures
  15 blink frogs
  5 hippogriffs
  5 dream sheep (Lair:6)
  A shadow (D:13)
  37 yaks
  Eustachio (D:6)
  2 wraiths
  3 wyverns
  5 basilisks
  A steam dragon (Lair:5)
  A fire elemental (Orc:1)
  A hungry ghost (D:12)
  4 vampire mosquitoes
  A mottled dragon (Lair:6)
  5 wargs
  34 nagas
  3 soldier ants
  2 swamp worms (Swamp:1)
  9 water moccasins
  11 hell hounds
  A floating eye (shapeshifter) (D:15)
  4 sky beasts
  10 orc warriors
  15 porcupines
  8 ice beasts
  A slave (D:6)
  4 eyes of draining
  2 phantoms
  13 ogres
  16 wolves
  16 centaurs
  15 crocodiles
  6 big kobolds
  A wyvern zombie (D:12)
  10 bullfrogs
  A water moccasin zombie (D:11)
  A wyvern skeleton (D:13)
  5 scorpions
  45 killer bees
  2 electric eels (Lair:1)
  11 howler monkeys
  13 wights
  4 lava snakes (Lair:6)
  8 crimson imps
  A bullfrog zombie (D:11)
  20 orc priests
  7 hounds
  6 jellies
  21 orc wizards
  A bullfrog skeleton (D:4)
  2 centaur skeletons
  4 iguanas
  10 worker ants
  A hound zombie (D:10)
  A howler monkey zombie (D:5)
  13 adders
  2 river rats (Lair:5)
  6 shadow imps
  12 white imps
  3 adder zombies
  2 adder skeletons
  2 worms
  4 dart slugs
  10 leopard geckos
  62 orcs
  6 bats
  7 giant cockroaches
  4 goblins
  5 hobgoblins
  13 jackals
  5 quokkas
  2 ball pythons
  3 frilled lizards
  32 kobolds
  A leopard gecko skeleton (D:4)
  A quokka zombie (D:5)
  11 rats
  A plant (D:8)
917 creatures vanquished.

Vanquished Creatures (collateral kills)
  An ettin (Orc:1)
  A naga warrior (Snake:1)
  A naga sharpshooter (Snake:1)
  3 hill giants
  A salamander (Snake:3)
  A naga mage (Snake:3)
  A troll (Orc:1)
  6 two-headed ogres
  9 nagas
  6 orc warriors
  14 ogres
  3 orc priests
  8 orcs
55 creatures vanquished.

Vanquished Creatures (others)
  2 black mambas
  15 dancing weapons
  Sigmund (D:6)
  An orc priest (Orc:2)
  3 orcs
  9 fungi
  9 plants
40 creatures vanquished.

Grand Total: 1012 creatures vanquished

Notes
Turn   | Place    | Note
-------+----------+-------------------------------------------
     0 | D:1      | Mesmaeker13 the Vampire Enchanter began the quest for the Orb.
     0 | D:1      | Reached XP level 1. HP: 13/13 MP: 3/3
   214 | D:1      | Reached XP level 2. HP: 13/19 MP: 3/5
   640 | D:1      | Learned a level 2 spell: Ensorcelled Hibernation
   881 | D:1      | Reached skill level 5 in Stealth
  1254 | D:2      | Reached skill level 5 in Hexes
  1278 | D:2      | Reached XP level 3. HP: 24/24 MP: 6/6
  1797 | D:3      | Reached skill level 1 in Ice Magic
  1797 | D:3      | Reached XP level 4. HP: 30/30 MP: 0/7
  2469 | D:3      | Found a glowing silver altar of Zin.
  2722 | D:4      | Reached XP level 5. HP: 35/35 MP: 2/8
  3378 | D:4      | Noticed a sky beast
  3387 | D:4      | Killed a sky beast
  3387 | D:4      | Reached skill level 6 in Stealth
  3387 | D:4      | Reached XP level 6. HP: 35/41 MP: 9/9
  3644 | D:5      | Entered Level 5 of the Dungeon
  3704 | D:5      | Noticed an ice beast
  3847 | D:5      | Noticed an ice beast
  4675 | D:5      | Reached skill level 7 in Stealth
  4675 | D:5      | Reached XP level 7. HP: 39/46 MP: 7/10
  4831 | D:5      | Learned a level 3 spell: Confuse
  5535 | D:5      | Found a bloodstained altar of Trog.
  6087 | D:6      | Reached skill level 8 in Stealth
  6087 | D:6      | Reached XP level 8. HP: 44/52 MP: 8/11
  6213 | D:6      | Found a deep blue altar of Sif Muna.
  6359 | D:6      | Reached skill level 5 in Dodging
  6463 | D:6      | Noticed Eustachio
  6474 | D:6      | Killed Eustachio
  6474 | D:6      | Reached skill level 5 in Short Blades
  6706 | D:6      | Noticed Pikel
  6723 | D:6      | Killed Pikel
  6723 | D:6      | Reached skill level 9 in Stealth
  6768 | D:6      | Noticed Sigmund
  6772 | D:6      | Killed Sigmund
  6941 | D:6      | Reached XP level 9. HP: 57/57 MP: 3/14
  7242 | D:6      | Found a hide-covered altar of Uskayaw.
  7514 | D:7      | Found a staircase to the Ecumenical Temple.
  7557 | D:7      | Learned a level 3 spell: Tukima's Dance
  7560 | Temple   | Entered the Ecumenical Temple
  7660 | Temple   | Became a worshipper of Ashenzari the Shackled
  8163 | D:8      | Found an iron altar of Okawaru.
  8198 | D:8      | Reached skill level 10 in Stealth
  8206 | D:8      | Learned a level 2 spell: Passwall
  8289 | D:8      | Reached skill level 1 in Transmutations
  8678 | D:8      | Found a basalt altar of Yredelemnul.
  8837 | D:8      | Found a sacrificial altar of Ru.
  9157 | D:9      | Found a glowing golden altar of the Shining One.
  9292 | D:9      | Noticed a hill giant
  9338 | D:9      | Reached skill level 5 in Spellcasting
  9354 | D:9      | Noticed a troll
  9364 | D:9      | Killed a troll
  9364 | D:9      | Reached skill level 11 in Stealth
  9364 | D:9      | Reached XP level 10. HP: 63/63 MP: 7/17
  9590 | D:9      | Killed a hill giant
  9811 | D:9      | Found a staircase to the Lair.
  9811 | D:9      | Noticed an elephant
 10012 | D:9      | Killed an elephant
 10076 | D:9      | Reached * piety under Ashenzari
 10297 | D:9      | Reached skill level 12 in Stealth
 10781 | D:10     | Entered Level 10 of the Dungeon
 10821 | D:10     | Reached skill level 5 in Transmutations
 11071 | D:10     | Found a portal to a secret trove of treasure.
 11098 | D:10     | Reached skill level 1 in Earth Magic
 11296 | D:10     | Found a staircase to the Orcish Mines.
 11770 | D:10     | Reached XP level 11. HP: 52/68 MP: 17/20
 11984 | D:11     | Found a glowing golden altar of the Shining One.
 12369 | D:11     | Reached skill level 1 in Fighting
 12625 | D:11     | Reached skill level 13 in Stealth
 12625 | D:11     | Reached skill level 10 in Hexes
 12918 | D:11     | Noticed a hill giant
 12933 | D:11     | Killed a hill giant
 13448 | D:12     | Noticed an unseen horror
 13450 | D:12     | Killed an unseen horror
 13450 | D:12     | Reached skill level 1 in Shields
 14279 | D:12     | Noticed a skeletal warrior
 14279 | D:12     | Noticed a skeletal warrior
 14279 | D:12     | Noticed a skeletal warrior
 14279 | D:12     | Noticed a skeletal warrior
 14404 | Lair:1   | Entered Level 1 of the Lair of Beasts
 14771 | Lair:1   | Reached XP level 12. HP: 81/81 MP: 21/21
 14883 | Lair:1   | Reached skill level 10 in Dodging
 14897 | Lair:1   | Reached ** piety under Ashenzari
 15424 | Lair:2   | Noticed spiff's ghost (journeyman HEFi)
 15744 | Lair:2   | Found a staircase to the Swamp.
 16100 | Lair:2   | Reached skill level 14 in Stealth
 16363 | Lair:2   | Killed spiff's ghost
 16363 | Lair:2   | Reached skill level 10 in Short Blades
 16617 | Lair:3   | Noticed Gastronok
 16654 | Lair:3   | Killed Gastronok
 16833 | Lair:3   | Noticed Nergalle
 16849 | Lair:3   | Killed Nergalle
 16849 | Lair:3   | Reached skill level 5 in Fighting
 16897 | Lair:3   | Found a frozen archway.
 17102 | Lair:2   | Noticed an eight-headed hydra
 17107 | Lair:2   | Killed an eight-headed hydra
 17495 | Lair:3   | Reached *** piety under Ashenzari
 17809 | Lair:4   | Found a staircase to the Snake Pit.
 18705 | Lair:5   | Reached XP level 13. HP: 92/92 MP: 12/22
 18709 | Lair:5   | Reached skill level 15 in Stealth
 19550 | Lair:5   | Reached skill level 5 in Shields
 20733 | Lair:6   | Entered Level 6 of the Lair of Beasts
 20869 | Lair:6   | Found a staircase to the Slime Pits.
 20902 | Lair:6   | Found a radiant altar of Vehumet.
 21171 | Lair:6   | Reached **** piety under Ashenzari
 21259 | Lair:6   | Reached skill level 16 in Stealth
 22412 | Lair:6   | Reached XP level 14. HP: 103/103 MP: 17/23
 22434 | Lair:6   | Found a large runed door.
 22434 | Lair:6   | Found a large runed door.
 23830 | Lair:1   | Learned a level 5 spell: Yara's Violent Unravelling
 23938 | Orc:1    | Entered Level 1 of the Orcish Mines
 24075 | Orc:1    | Found a roughly hewn altar of Beogh.
 24305 | Orc:2    | Entered Level 2 of the Orcish Mines
 24501 | Orc:2    | Reached skill level 17 in Stealth
 25347 | Orc:2    | Found Zamp's General Store.
 25347 | Orc:2    | Found Wainotog's Antique Weapon Shoppe.
 25398 | Orc:2    | Noticed Maurice
 25558 | Orc:1    | Killed Maurice
 26364 | Orc:2    | Found Ysahidu's Armour Shop.
 26376 | Orc:2    | Noticed Azrael
 26385 | Orc:2    | Killed Azrael
 26439 | Orc:2    | Found Qotan's Gadget Emporium.
 26606 | Orc:2    | Found a staircase to the Elven Halls.
 26896 | Orc:2    | Bought a scroll of identify for 26 gold pieces
 26896 | Orc:2    | Bought the +9 dagger of Foirrax {pierce, Int+3} for 796 gold pieces
 27175 | Orc:1    | Noticed a stone giant
 27353 | Orc:1    | Killed a stone giant
 27505 | D:9      | Noticed equalderp2856's ghost (novice FeSu)
 27516 | D:9      | Killed equalderp2856's ghost
 28186 | D:13     | Reached skill level 18 in Stealth
 29171 | D:13     | Reached XP level 15. HP: 105/113 MP: 13/24
 29757 | D:14     | Found Toiluneh's Armour Shoppe.
 29765 | D:14     | Reached ***** piety under Ashenzari
 30141 | D:14     | Found an opulent altar of Gozag.
 30693 | D:14     | Found a gate to the Vaults.
 30732 | D:15     | Entered Level 15 of the Dungeon
 30874 | D:15     | Reached skill level 19 in Stealth
 31316 | D:15     | Reached skill level 10 in Fighting
 31548 | D:15     | Found a staircase to the Depths.
 32063 | Snake:1  | Entered Level 1 of the Snake Pit
 32440 | Snake:1  | Found Emeaziq's Jewellery Shoppe.
 32941 | Snake:1  | Noticed a nagaraja
 32982 | Snake:1  | Found Itevaquk's Jewellery Boutique.
 32983 | Snake:1  | Found Licui's Gadget Emporium.
 32983 | Snake:1  | Found Mawoov's Gadget Emporium.
 33059 | Snake:1  | Reached skill level 1 in Long Blades
 33961 | Snake:1  | Reached XP level 16. HP: 119/123 MP: 10/26
 35438 | Snake:2  | HP: 4/124 [naga sharpshooter/bolt (18)]
 35602 | Snake:2  | Reached skill level 20 in Stealth
 36243 | Snake:3  | Reached skill level 15 in Dodging
 37348 | Snake:4  | Entered Level 4 of the Snake Pit
 37782 | Lair:1   | Learned a level 2 spell: Repel Missiles
 37905 | Snake:4  | Found a burning altar of Makhleb.
 38363 | Snake:4  | Reached skill level 1 in Charms
 39913 | Swamp:1  | Entered Level 1 of the Swamp
 40065 | Swamp:1  | Reached skill level 5 in Long Blades
 40096 | Swamp:1  | Noticed a thorn hunter
 40188 | Swamp:1  | Killed from afar by a thorn hunter

Skill      XL: |  1  2  3  4  5  6  7  8  9 10 11 12 13 14 15 16 |
---------------+-------------------------------------------------+-----
Stealth        | 5 6 7 8 9 11 12 13 14 16 18 19 20 | 20.4
Hexes          | 5 6 7 8 9 10 12 14 | 14.4
Short Blades   | 2 3 4 5 7 8 9 10 | 10.0
Ice Magic      | 1 2 3 4 |  4.1
Dodging        | 3 4 5 7 8 9 11 12 13 14 15 | 15.6
Spellcasting   | 3 5 6 7 8 |  8.0
Transmutations | 3 5 7 9 |  9.0
Earth Magic    | 2 |  2.0
Fighting       | 3 5 7 9 10 11 | 11.6
Shields        | 2 4 5 |  5.0
Long Blades    | 2 5 |  5.1
Charms         | 3 |  3.8

Action                   |  1- 3 |  4- 6 |  7- 9 | 10-12 | 13-15 | 16-18 || total
-------------------------+-------+-------+-------+-------+-------+-------++-------
Melee: Dagger            |   131 |   115 |   366 |   856 |  1838 |   582 ||  3888
       Bite              |     6 |    13 |    41 |    80 |   213 |    64 ||   417
       Scimitar          |       |       |       |       |       |    24 ||    24
 Cast: Corona            |    21 |     4 |     8 |     4 |       |       ||    37
       Ensorcelled Hiber |     4 |    21 |    42 |   194 |   181 |    20 ||   462
       Confuse           |       |       |    18 |    47 |   183 |   107 ||   355
       Tukima's Dance    |       |       |       |    14 |    97 |    45 ||   156
       Passwall          |       |       |       |       |     1 |     3 ||     4
       Repel Missiles    |       |       |       |       |       |     3 ||     3
Invok: Scrying           |       |       |       |     2 |     1 |     1 ||     4
       Curse Item        |       |       |       |       |     4 |       ||     4
 Abil: Bat Form          |       |       |       |       |     4 |     1 ||     5
       End Transformatio |       |       |       |       |     4 |       ||     4
Evoke: Wand              |       |       |       |     2 |       |       ||     2
       Phantom mirror    |       |       |       |       |       |     1 ||     1
  Use: Scroll            |     6 |     6 |     6 |     7 |    10 |     6 ||    41
       Potion            |       |     3 |     7 |     8 |     5 |    10 ||    33
 Stab: Sleeping          |    12 |    26 |    36 |   143 |   135 |    35 ||   387
       Confused          |       |       |     9 |    27 |    78 |    36 ||   150
       Distracted        |       |       |     1 |     3 |    11 |     4 ||    19
       Petrified         |       |       |       |       |     2 |       ||     2
  Eat: Corpse            |     3 |     6 |     7 |    21 |    40 |    11 ||    88
Armor: Robe              |    46 |    35 |    22 |       |       |       ||   103
       Leather armour    |       |       |    56 |   176 |   249 |    62 ||   543
       Skin              |       |       |       |     6 |       |       ||     6
Dodge: Dodged            |   125 |    72 |   204 |   536 |  1194 |   383 ||  2514
       Deflected         |       |       |       |       |       |     6 ||     6
Block: Buckler           |       |       |       |    70 |   353 |   100 ||   523
       Rpst.: Scimitar   |       |       |       |       |       |     5 ||     5
